AoeStats
← Martimoc

Arena

509590518Analyzed
4v4 RM · 6d ago on Sep 27, 2026· 56m 16s· 8 players
Game mode
Random Map
Map size
Large (8 player)
Population
200
Speed
Normal
Resources
Standard
Victory
Conquest
Starting age
Dark Age
Ending age
Imperial Age
RankedLock teamsTeams togetherTeam positionsShared explorationLock speedFull tech treeHidden civsTurbo modeCheats
Victory
Defeat
🇫🇷 Persians · France
657
+13
🇦🇹 Turks · Austria
641
+13
🇹🇷 Celts · Türkiye
626
+14
🇸🇰 Teutons · Slovakia
572
+16
🇨🇳 Bengalis · China
760
-21
🇨🇳 Saracens · China
639
-16
🇺🇦 Burmese · Ukraine
509
-11
🇹🇷 Japanese · Türkiye
429
-8
Martimoc
6:32 Loom
12:28 Feudal Age
14:08 Double-Bit Axe
14:24 Horse Collar
16:38 Wheelbarrow
18:53 Town Watch
24:41 Castle Age
24:30 Scale Barding Armor
24:52 Forging
25:27 Heavy Plow
26:03 Bow Saw
26:44 Gold Mining
27:00 Stone Mining
29:35 Stone Shaft Mining
30:05 Guard Tower
34:30 Hand Cart
34:16 Town Patrol
37:26 Iron Casting
37:13 Chain Barding Armor
37:16 Ballistics
37:06 Fortified Wall
37:07 Masonry
45:20 Imperial Age
42:19 Elite Skirmisher
46:59 Onager
47:02 Cavalier
49:23 Chemistry
48:08 Arrowslits
48:59 Keep
48:30 Siege Engineers
48:17 Heated Shot
49:59 Blast Furnace
Swimling
12:03 Feudal Age
12:32 Feudal Age
17:18 Castle Age
15:52 Horse Collar
18:45 Double-Bit Axe
29:12 Loom
30:02 Wheelbarrow
34:50 Imperial Age
36:20 Bloodlines
julien315550
0:34 Loom
10:55 Feudal Age
11:19 Double-Bit Axe
11:47 Horse Collar
12:46 Wheelbarrow
16:43 Gold Mining
16:45 Stone Mining
21:40 Castle Age
22:43 Bow Saw
25:53 Hand Cart
31:34 Stone Shaft Mining
31:35 Gold Shaft Mining
33:54 Kamandaran
34:40 Forging
34:31 Scale Mail Armor
36:04 Iron Casting
39:15 Caravan
39:46 Coinage
40:14 Chain Mail Armor
43:43 Husbandry
48:34 Scale Barding Armor
51:21 Imperial Age
52:44 Two-Man Saw
51:47 Heavy Plow
52:12 Guilds
52:33 Banking
52:17 Guilds
52:29 Heavy Camel Rider
53:32 Conscription
54:29 Elite War Elephant
Sedat
7:49 Loom
11:40 Feudal Age
15:00 Horse Collar
15:11 Double-Bit Axe
21:10 Castle Age
19:10 Stone Mining
23:25 Stone Shaft Mining
22:43 Gold Mining
24:44 Wheelbarrow
23:57 Town Watch
26:06 Murder Holes
32:38 Imperial Age
31:35 Padded Archer Armor
31:28 Pikeman
33:04 Ballistics
33:20 Leather Archer Armor
38:02 Chemistry
43:45 Hand Cart
43:31 Town Patrol
43:14 Heavy Scorpion
45:21 Caravan
53:28 Bow Saw
53:18 Fletching
55:36 Gold Shaft Mining
Deman501
11:12 Loom
13:02 Feudal Age
16:51 Wheelbarrow
20:42 Castle Age
21:00 Horse Collar
23:01 Gold Mining
24:20 Heavy Plow
24:37 Hand Cart
24:16 Stone Mining
26:18 Gold Shaft Mining
28:20 Town Watch
28:50 Fletching
31:35 Town Patrol
34:06 Crossbowman
34:36 Man-at-Arms
34:40 Pikeman
35:22 Squires
37:03 Masonry
37:09 Forging
36:59 Scale Mail Armor
36:55 Bodkin Arrow
37:00 Padded Archer Armor
37:07 Scale Barding Armor
41:48 Imperial Age
42:01 Halberdier
42:05 Long Swordsman
46:04 Chemistry
45:31 Ballistics
46:47 Treadmill Crane
47:09 Guard Tower
47:06 Cavalier
48:25 Iron Casting
48:06 Chain Mail Armor
47:51 Bracer
48:12 Chain Barding Armor
ciguli
16:18 Feudal Age
16:47 Horse Collar
16:56 Double-Bit Axe
18:57 Stone Mining
18:58 Gold Mining
19:05 Gold Mining
27:11 Castle Age
27:57 Heavy Plow
28:10 Bow Saw
31:16 Padded Archer Armor
31:23 Scale Barding Armor
31:19 Scale Mail Armor
31:09 Fletching
31:30 Forging
37:52 Imperial Age
37:58 Imperial Age
38:44 Pikeman
39:25 Squires
38:48 Cavalier
39:29 Husbandry
40:15 Heavy Scorpion
41:35 Elite Samurai
42:30 Bodkin Arrow
42:51 Chain Mail Armor
44:15 Gold Shaft Mining
44:18 Coinage
50:28 Halberdier
落水杨花
1:08 Loom
13:37 Feudal Age
14:50 Double-Bit Axe
14:49 Horse Collar
15:10 Town Watch
15:39 Stone Mining
15:46 Gold Mining
26:21 Castle Age
30:08 Bow Saw
30:37 Gold Shaft Mining
30:05 Heavy Plow
32:52 Paiks
33:05 Husbandry
33:20 Scale Barding Armor
38:06 Murder Holes
41:53 Pikeman
44:57 Masonry
44:58 Fortified Wall
45:11 Ballistics
1143516068
14:47 Feudal Age
16:09 Wheelbarrow
15:20 Town Watch
15:40 Double-Bit Axe
15:52 Horse Collar
16:14 Stone Mining
20:44 Gold Mining
24:48 Castle Age
25:59 Bow Saw
25:53 Heavy Plow
27:39 Gold Shaft Mining
34:29 Imperial Age
32:25 Hand Cart
34:48 Town Patrol
34:50 Pikeman
35:33 Squires
38:04 Two-Man Saw
Connection lost

Rejoining the realm…

Still unreachable

The connection could not be restored.

Session expired

The server has moved on; the page needs a fresh start.